 Seeded DCSS version 0.29.1-2-gbd0b4ee654 (webtiles) character file.

Game seed: 1123581321 (custom seed)

27 qeuew the Covered (level 3, -1/29 HPs)
             Began as a Human Fighter on Nov 15, 2022.
             Killed by nerve-wracking pain
             ... invoked by a shadow imp
             ... summoned by Natasha
              (3 damage)
             ... on level 2 of the Dungeon.
             The game lasted 00:01:02 (1436 turns).

qeuew the Covered (Human Fighter)                   Turns: 1436, Time: 00:01:03

Health: -1/29      AC:  6    Str: 16    XL:     3   Next: 25%
Magic:  3/3        EV:  9    Int:  8    God:
Gold:   53         SH:  5    Dex: 14    Spells: 2/2 levels left

rFire   . . .      SeeInvis .   d - +0 war axe
rCold   . . .      Faith    .   b - +0 buckler
rNeg    . . .      Spirit   .   a - +0 scale mail
rPois   .          Reflect  .   (no helmet)
rElec   .          Harm     .   (no cloak)
rCorr   .          Rampage  .   (no gloves)
Will    .....                   (no boots)
Stlth   ..........              (no amulet)
HPRegen 0.09/turn               (no ring)
MPRegen 0.08/turn               (no ring)

@: lethally poisoned (-1 -> -3), slowed, very slow
A: no striking features
a: no special abilities


You were on level 2 of the Dungeon.
You visited 1 branch of the dungeon, and saw 2 of its levels.

You collected 53 gold pieces.

Inventory:

Hand Weapons
 d - a +0 war axe (weapon)
Armour
 a - a +0 scale mail (worn)
 b - a +0 buckler (worn)
Potions
 c - a potion of might
 e - 2 potions of ambrosia
 f - a potion of heal wounds


   Skills:
 + Level 3.2 Fighting
 + Level 0.8 Axes
 + Level 3.2 Armour
 + Level 1.0 Dodging
 + Level 3.2 Shields
 - Level 2.0 Unarmed Combat


You had 2 spell levels left.
You didn't know any spells.
Your spell library was empty.

Dungeon Overview and Level Annotations

Branches:
Dungeon (2/15)

Altars:

Annotations:
D:2 Natasha


Message History

Natasha mumbles some strange words.
There are monsters nearby!
You slash the shadow imp!
The shadow imp is almost dead.
You miss the adder. The adder bites you. x2
You are poisoned.
The adder poisons you! The shadow imp barely misses you. Natasha claws you.
You block the adder's attack.
The shadow imp hits you but does no damage.
You closely miss Natasha. You hit the shadow imp. You closely miss the adder.
You feel very sick. You block the adder's attack. Natasha closely misses you.
The shadow imp gestures at you. Pain shoots through your body!
* * * LOW HITPOINT WARNING * * *
The adder barely misses you.
Natasha mewls in sadness.
Natasha claws you.
* * * LOW HITPOINT WARNING * * *
The shadow imp hits you.
* * * LOW HITPOINT WARNING * * *
The adder closely misses you.
Natasha mumbles some strange words.
You hit Natasha.
Natasha is moderately wounded.
You completely miss the shadow imp. You slash the iron imp! You hit the adder.
* * * LOW HITPOINT WARNING * * *
You feel sick. The adder bites you.
* * * LOW HITPOINT WARNING * * *
The shadow imp closely misses you. You block the adder's attack.
Natasha claws you.
* * * LOW HITPOINT WARNING * * *
The shadow imp puffs mist at you. The shadow imp barely misses you.
The iron imp hits you but does no damage.
The adder bites you but does no damage. Natasha closely misses you.
The shadow imp spits at you. The shadow imp gestures at you.
Pain shoots through your body!
You die...

#.....<......#
#.##..#####.##
#...).....#
.#####.##.####
..............#
.######..#+##.#
#........#
#........#
#..@5....#
#.h5S..$.#
+..........
#........##
#......>...
#........##
#........#
#........#


You could see an iron imp (summoned), Natasha, an adder and a shadow imp
(summoned).

Vanquished Creatures
  A gnoll (D:1)
  2 endoplasms (D:1)
  A giant cockroach (D:1)
  A goblin (D:1)
  A hobgoblin (D:1)
  2 jackals (D:1)
  3 kobolds
  2 quokkas (D:1)
  A bat (D:1)
  A rat (D:1)
15 creatures vanquished.

Notes
Turn   | Place    | Note
-------+----------+-------------------------------------------
     0 | D:1      | qeuew the Human Fighter began the quest for the Orb.
     0 | D:1      | Reached XP level 1. HP: 18/18 MP: 1/1
   478 | D:1      | Reached XP level 2. HP: 24/24 MP: 2/2
   881 | D:1      | Reached XP level 3. HP: 27/29 MP: 3/3
   985 | D:1      | Reached skill level 1 in Dodging
  1430 | D:2      | Noticed Natasha
  1436 | D:2      | Killed from afar by a shadow imp

Illustrated notes

Levels and vault maps discovered:
D:1:      dpeg_arrival_castle, layout_basic
D:2:      layout_basic, uniq_natasha

Skill      XL: |  1  2  3 |
---------------+----------+-----
Dodging        | 1 |  1.0
Fighting       | |  3.2
Axes           | |  0.8
Armour         | |  3.2
Shields        | |  3.2
Unarmed Combat | |  2.0

Action                   || total
-------------------------++-------
Melee: Unarmed           ||     6
       War axe           ||    34
  Use: Scroll            ||     4
       Potion            ||     1
Armor: Scale mail        ||    14
Dodge: Dodged            ||    17
Block: Buckler           ||    10
